 Dungeon Crawl Stone Soup version 0.30-a0-632-g346586fe48 (webtiles) character file.

Game seed: 16124635077154029026

215 Mitcholas the Shooter (level 5, -2/31 HPs)
             Began as a Deep Elf Hunter on Jan 13, 2023.
             Slain by a gnoll
             ... wielding a +0 halberd
              (8 damage)
             ... on level 5 of the Dungeon.
             The game lasted 00:06:48 (1690 turns).

Mitcholas the Shooter (Deep Elf Hunter)             Turns: 1690, Time: 00:06:49

Health: -2/31      AC:  9    Str:  8    XL:     5   Next: 60%
Magic:  7/7        EV: 13    Int: 14    God:
Gold:   102        SH:  0    Dex: 20    Spells: 4/4 levels left

rFire   . . .      SeeInvis .    a - +0 shortbow
rCold   . . .      Faith    .    (shield currently unavailable)
rNeg    . . .      Spirit   .    c - +0 leather armour
rPois   .          Reflect  .    (no helmet)
rElec   .          Harm     .    (no cloak)
rCorr   .          Rampage  .    n - +0 pair of gloves
Will    .....                    o - +0 pair of boots
Stlth   ++                       (no amulet)
HPRegen 0.25/turn                p - +4 ring of protection
MPRegen 0.10/turn                (no ring)

@: no status effects
A: no striking features
a: no special abilities


You were on level 5 of the Dungeon.
You visited 1 branch of the dungeon, and saw 5 of its levels.

You collected 102 gold pieces.

Inventory:

Hand Weapons
 a - a +0 shortbow (weapon)
Missiles
 d - 3 curare-tipped darts
Armour
 c - a +0 leather armour (worn)
 n - a +0 pair of gloves (worn)
 o - a +0 pair of boots (worn)
Jewellery
 p - a +4 ring of protection (left hand)
 s - an amulet of the acrobat
Scrolls
 b - 2 scrolls of immolation
 e - 4 scrolls of teleportation {unknown}
 f - a scroll of amnesia {unknown}
 g - a scroll of fog {unknown}
 h - a scroll of silence {unknown}
 k - 2 scrolls of identify {unknown}
 q - a scroll of fear {unknown}
 r - a scroll of poison {unknown}
Potions
 i - 2 potions of curing {unknown}
 j - a potion of berserk rage {unknown}
 l - 3 potions of heal wounds {unknown}
 m - a potion of lignification {unknown}


   Skills:
 + Level 2.5 Fighting
 * Level 7.1 Ranged Weapons
 + Level 3.7 Dodging
 + Level 3.3 Stealth


You had 4 spell levels left.
You didn't know any spells.
Your spell library was empty.

Dungeon Overview and Level Annotations

Branches:
Dungeon (6/15)
 Temple: D:4-7

Altars:

Shops:
D:5 (


Message History

Aim: a gnoll, wielding a +0 club (heavily wounded, 69% to hit)
You shoot an arrow. The arrow hits the orc.
The orc is lightly wounded.
The orc hits you with a +0 mace. The gnoll barely misses you.
The orc hits you with a +0 mace.
Fire: a) +0 shortbow
Press: ? - help, Q - select action, (/) - cycle Shift-Dir - straight line, f/p - gnoll
Aim: a gnoll, wielding a +0 club (heavily wounded, 69% to hit)
You shoot an arrow. The arrow hits the orc.
The orc is severely wounded.
The orc barely misses you.
Fire: a) +0 shortbow
Press: ? - help, Q - select action, (/) - cycle Shift-Dir - straight line, f/p - gnoll
Aim: a gnoll, wielding a +0 club (heavily wounded, 69% to hit)
You shoot an arrow. The arrow hits the orc!
You kill the orc!
You hear a howl!
Fire: a) +0 shortbow
Press: ? - help, Q - select action, (/) - cycle Shift-Dir - straight line, f/p - gnoll
Aim: a gnoll, wielding a +0 club (heavily wounded, 69% to hit)
You shoot an arrow.
The arrow hits the gnoll but does no damage.
The gnoll is heavily wounded.
A howler monkey comes into view.
The gnoll barely misses you.
Fire: a) +0 shortbow
Press: ? - help, Q - select action, (/) - cycle Shift-Dir - straight line, f/p - gnoll
Aim: a gnoll, wielding a +0 club (moderately wounded, 69% to hit)
You shoot an arrow. The arrow hits the gnoll.
The gnoll is heavily wounded.
The gnoll hits you from afar with a +0 halberd!
* * * LOW HITPOINT WARNING * * *
The gnoll misses you.
Fire: a) +0 shortbow
Press: ? - help, Q - select action, (/) - cycle Shift-Dir - straight line, f/p - gnoll
Aim: a gnoll, wielding a +0 club (heavily wounded, 69% to hit)
You shoot an arrow. The arrow hits the gnoll.
The gnoll is almost dead.
The gnoll hits you from afar with a +0 halberd!
You die...

#### #... #... ##...
### #.... ..?.#+#
##########....
#.≈.≈####.............
#≈≈.≈≈##$#...........#
+..∩.@ggg..#..######.#
#≈≈.≈≈##......# #.#
##≈.≈##.......# #.#
##'#.........# #..
#.###.......# # ..
##...##.# .. ........
##. .....


You could see 3 gnolls.

Vanquished Creatures
  A howler monkey (D:3)
  2 iguanas
  An adder (D:2)
  4 gnolls (D:5)
  A worm (D:3)
  2 dart slugs
  4 orcs
  3 ball pythons (D:1)
  6 bats
  7 endoplasms
  3 giant cockroaches (D:1)
  8 goblins
  4 hobgoblins
  7 jackals (D:1)
  2 quokkas
  5 frilled lizards
  3 rats
63 creatures vanquished.

Notes
Turn   | Place    | Note
-------+----------+-------------------------------------------
     0 | D:1      | Mitcholas the Deep Elf Hunter began the quest for the Orb.
     0 | D:1      | Reached XP level 1. HP: 12/12 MP: 3/3
    88 | D:1      | Reached XP level 2. HP: 17/17 MP: 4/4
   191 | D:1      | Reached XP level 3. HP: 21/21 MP: 5/5
   325 | D:1      | Reached skill level 6 in Ranged Weapons
   926 | D:3      | Found a faded altar of an unknown god.
   939 | D:3      | Found a faded altar of an unknown god.
   995 | D:3      | Reached XP level 4. HP: 26/26 MP: 6/6
  1338 | D:3      | You fall into a shaft and drop 3 floors!
  1399 | D:6      | Noticed an orc warrior
  1510 | D:6      | Noticed a troll
  1535 | D:6      | Reached XP level 5. HP: 31/31 MP: 7/7
  1544 | D:5      | Entered Level 5 of the Dungeon
  1563 | D:5      | Reached skill level 7 in Ranged Weapons
  1682 | D:5      | Found Hujufu's Weapon Shop.
  1690 | D:5      | Slain by a gnoll

Illustrated notes

Levels and vault maps discovered:
D:1:      minmay_arrival_semitransparent, layout_basic,
          ebering_dispersal_statue_hall, minmay_split_cup_small
D:2:      layout_basic
D:3:      layout_loops_corners, amethyst_overflow_temple_binary,
          portal_sewer_entry_a, hellmonk_ecumenical_altar_the_god_not_taken
D:5:      layout_loops_ring, elyvilon_altar_1, gammafunk_ghost_split,
          serial_shops, nicolae_shop_hallway_plus, uniq_crazy_yiuf_cottage,
          uniq_edmund
D:6:      layout_loops_corners, kennysheep_mini_moat,
          minmay_temple_entry_enclosed_plants, uniq_pikel

Skill      XL: |  1  2  3  4  5 |
---------------+----------------+-----
Stealth        | 2 3 |  3.3
Ranged Weapons | 6 7 |  7.1
Fighting       | 2 |  2.5
Dodging        | 3 |  3.7

Action                   |  1- 3 |  4- 6 || total
-------------------------+-------+-------++-------
 Fire: Shortbow          |   105 |    55 ||   160
Armor: Leather armour    |    12 |     6 ||    18
Dodge: Dodged            |    21 |    25 ||    46

Table legend: (Time is in decaauts)
 A = Elapsed time spent in this place.
 B = Non-inter-level travel time spent in this place.
 C = Inter-level travel time spent in this place.
 D = Time resting spent in this place.
 E = Time spent auto-exploring this place.
 F = Levels seen in this place.
 G = Mean time per level.
                   A        B        C        D        E       F      G
               +--------+--------+--------+--------+--------+-----+--------+
         Total |   1727 |   1374 |    353 |     29 |    859 |   5 |  345.4 |
       Dungeon |   1727 |   1374 |    353 |     29 |    859 |   5 |  345.4 |
               +--------+--------+--------+--------+--------+-----+--------+

Top non-repeatable levels by time:
     D:1: 485 daAuts
     D:3: 473 daAuts
     D:2: 411 daAuts
     D:6: 206 daAuts
     D:5: 151 daAuts
